 Dungeon Crawl Stone Soup version 0.31-a0-222-gefeffbb62a (webtiles) character file.

Game seed: 3853374597920660513

12227 Newt the Markskobold (level 12, -3/65 HPs)
             Began as a Kobold Hunter on July 5, 2023.
             Was a Believer of Hepliaklqana.
             Slain by a white ugly thing (11 damage)
             ... on level 13 of the Dungeon.
             The game lasted 00:12:59 (12916 turns).

Newt the Markskobold (Kobold Hunter)               Turns: 12916, Time: 00:13:00

Health: -3/65      AC: 14    Str:  9    XL:     12   Next: 17%
Magic:  12/12      EV: 14    Int: 10    God:    Hepliaklqana [**....]
Gold:   854        SH:  4    Dex: 23    Spells: 11/11 levels left

rFire   . . .        g - +1 sling (heavy)
rCold   + . .        F - +0 buckler
rNeg    . . .        q - +3 scale mail {rC+}
rPois   .            (no helmet)
rElec   .            I - +2 cloak
rCorr   .            (no gloves)
SInv    .            p - +0 pair of boots
Will    .....        h - amulet of faith
Stlth   ++           i - ring of flight
HPRegen 0.30/turn    r - ring of wizardry
MPRegen 0.13/turn

%: faith, wizardry (x1)
@: flying
A: reduced essence, small, no large weapons, nightstalker 3
a: Renounce Religion, Recall Ancestor, Ancestor Identity


You were on level 13 of the Dungeon.
You worshipped Hepliaklqana.
Hepliaklqana was pleased with you.
You visited 2 branches of the dungeon, and saw 14 of its levels.
You also visited: Ossuary.

You collected 854 gold pieces.

Inventory:

Hand Weapons
 a - a +0 shortbow
 g - a +1 heavy sling (weapon)
 C - a +0 sling of freezing
 J - a +0 short sword
Missiles
 m - 5 throwing nets
Armour
 c - a +0 leather armour
 p - a +0 pair of boots (worn)
 q - a +3 scale mail of cold resistance (worn)
 F - a +0 buckler (worn)
 G - a +0 cloak
 I - a +2 cloak (worn)
Jewellery
 h - an amulet of faith (around neck)
 i - a ring of flight (left hand)
 r - a ring of wizardry (right hand)
Wands
 f - a wand of quicksilver (13)
 l - a wand of flame (28)
 x - a wand of digging (17)
 y - a wand of mindburst (24)
 E - a wand of paralysis (16)
 H - a wand of roots (6)
Scrolls
 b - a scroll of butterflies
 e - 2 scrolls of enchant armour
 j - a scroll of amnesia
 s - 4 scrolls of poison
 u - 4 scrolls of teleportation
 v - a scroll of revelation
 D - a scroll of enchant weapon
Potions
 d - a potion of brilliance
 k - a potion of ambrosia
 n - a potion of enlightenment
 o - a potion of might
 t - a potion of lignification {unknown}
 w - a potion of attraction
 z - a potion of resistance
 A - a potion of mutation {unknown}
 B - 2 potions of degeneration {unknown}
 K - a potion of curing
 L - a potion of heal wounds


   Skills:
 - Level 8.0 Fighting
 - Level 18.0 Ranged Weapons
 - Level 5.0 Armour
 - Level 8.0 Dodging
 - Level 1.3 Stealth
 + Level 7.2 Evocations


You had 11 spell levels left.
You didn't know any spells.
Your spell library contained the following spells:

 Spells                   Type           Power      Damage    Failure   Level
 Kiss of Death            Conj/Necr      0%         2d5       82%         1
 Slow                     Hex            0%         N/A       82%         1
 Sting                    Tmut/Pois      0%         1d3       82%         1
 Lesser Beckoning         Tloc           0%         N/A       91%         2
 Poisonous Vapours        Pois/Air       0%         N/A       91%         2
 Confusing Touch          Hex            0%         N/A       99%         3
 Gell's Gravitas          Tloc           0%         N/A       99%         3
 Ozocubu's Armour         Ice            0%         N/A       99%         3
 Teleport Other           Tloc           0%         N/A       99%         3
 Vampiric Draining        Necr           0%         2d6       99%         3
 Dispel Undead            Necr           0%         3d6       100%        4
 Olgreb's Toxic Radiance  Pois           0%         N/A       100%        4
 Ozocubu's Refrigeration  Ice            0%         4d7       100%        7


Dungeon Overview and Level Annotations

Branches:
Dungeon (14/15)            Temple (1/1) D:5            Lair (0/5) D:9
    Orc (0/2) D:9         Ossuary (visited)
 Vaults: D:13-14

Altars:
Ashenzari
Cheibriados
Dithmenos
Elyvilon
Fedhas
Gozag
Hepliaklqana
Kikubaaqudgha
Makhleb
Nemelex Xobeh
Okawaru
Qazlal
Ru
Sif Muna
Trog
Uskayaw
Vehumet
Wu Jian
Xom
Yredelemnul
Zin
The Shining One

Shops:
D:4 *   D:6 *

Annotations:
D:6 1 runed translucent door, AwFulAwFulPlayer's ghost, novice GnWn
D:9 1 runed translucent door


Innate Abilities, Weirdness & Mutations

Your life essence is reduced to manifest your ancestor. (-10% HP)
You are small and have problems with some larger weapons.
You are completely attuned to the shadows.


Message History

The white ugly thing gores you. The white ugly thing freezes you! You resist.
Unknown command.
You shoot a sling bullet.
The sling bullet hits the white ugly thing!
The white ugly thing is severely wounded.
The white ugly thing gores you! The white ugly thing freezes you! You resist.
The white ugly thing gores you. The white ugly thing freezes you! You resist.
* * * LOW HITPOINT WARNING * * *
You are too injured to fight recklessly!
Unknown command.
You shoot a sling bullet.
The sling bullet hits the white ugly thing!
The white ugly thing is severely wounded.
The white ugly thing gores you but does no damage.
Unknown command.
You shoot a sling bullet.
The sling bullet hits the white ugly thing but does no damage.
The white ugly thing is severely wounded.
You block the white ugly thing's attack.
The white ugly thing closely misses you.
Unknown command.
Aiming: Mindburst
Press: ? - help, Shift-Dir - straight line, f/p - white ugly thing
Aim: a white ugly thing (severely wounded, chance to affect: 73%)
The white ugly thing struggles to resist.
The white ugly thing misses you.
Unknown command.
Aiming: Paralyse
Press: ? - help, Shift-Dir - straight line, f/p - white ugly thing
Aim: a white ugly thing (severely wounded, chance to affect: 49%)
The white ugly thing resists with some effort.
The white ugly thing gores you but does no damage.
Aiming: Paralyse
Press: ? - help, Shift-Dir - straight line, f/p - white ugly thing
Aim: a white ugly thing (severely wounded, chance to affect: 49%)
The white ugly thing resists with some effort.
The white ugly thing gores you!
* * * LOW HITPOINT WARNING * * *
The white ugly thing freezes you! You resist.
You die...

######
......#######
.........#.....#
.........'.....#
.........#R....+
.........#.....#
...u@....#.....#
....#....#.....#
....#....#.....#
....#....#.....#
.........##....#
############....#
#................
#.>..............
#................


You could see a white ugly thing.

Vanquished Creatures
  Pikel (D:8)
  A deep elf pyromancer (D:14)
  An ugly thing (D:13)
  Maurice (D:9)
  Joseph (D:8)
  A gargoyle (D:10)
  A komodo dragon (D:9)
  An efreet (D:14)
  A hornet (D:7)
  Grinder (D:5)
  Prince Ribbit (D:7)
  2 wraiths (Ossuary)
  6 wyverns
  A vampire (D:10)
  A shadow (D:10)
  9 yaks
  2 acid dragons
  A water moccasin (D:6)
  4 orc warriors
  A swamp drake (D:9)
  A sky beast (D:7)
  4 ice beasts
  2 black bears
  An ogre (D:5)
  A phantom (D:5)
  A centaur (D:7)
  2 lemures (D:7)
  2 kobold brigands
  7 bullfrogs
  2 gnoll sergeants
  4 scorpions (D:6)
  5 wights
  6 killer bees (D:10)
  3 howler monkeys
  2 jellies
  2 gnoll boudas
  2 orc priests
  A sleepcap (D:4)
  5 hounds
  6 iguanas
  13 orc wizards
  12 gnolls
  8 adders
  An ufetubus (D:6)
  3 worms
  2 dart slugs (D:2)
  38 orcs
  9 ball pythons
  8 endoplasms
  5 giant cockroaches
  4 goblins
  2 hobgoblins (D:1)
  6 jackals (D:1)
  12 kobolds
  2 quokkas
  6 bats
  3 frilled lizards
  A hobgoblin skeleton (Ossuary)
  2 hobgoblin zombies (Ossuary)
  2 kobold zombies (Ossuary)
  An orc skeleton (Ossuary)
  An orc zombie (Ossuary)
  2 rats
240 creatures vanquished.

Vanquished Creatures (collateral kills)
  Nergalle (D:10)
  An ugly thing (D:10)
  A manticore (D:14)
  3 yaks (D:10)
  2 wights (D:8)
  2 gnolls
  An orc (D:10)
11 creatures vanquished.

Vanquished Creatures (others)
  2 ancestors
  2 knights
  An orc wizard (D:8)
5 creatures vanquished.

Grand Total: 256 creatures vanquished

Notes
Turn   | Place    | Note
-------+----------+-------------------------------------------
     0 | D:1      | Newt the Kobold Hunter began the quest for the Orb.
     0 | D:1      | Reached XP level 1. HP: 12/12 MP: 1/1
   136 | D:1      | Reached XP level 2. HP: 18/18 MP: 2/2
   350 | D:1      | Reached XP level 3. HP: 23/23 MP: 3/3
  1264 | D:2      | Reached XP level 4. HP: 30/30 MP: 4/4
  1652 | D:3      | Found a sacrificial altar of Ru.
  1936 | D:3      | Reached skill level 5 in Fighting
  2041 | D:3      | Reached skill level 6 in Ranged Weapons
  2041 | D:3      | Reached XP level 5. HP: 35/35 MP: 5/5
  2792 | D:4      | Found Atryotiso's Elemental Accessories.
  3074 | D:4      | Reached skill level 7 in Ranged Weapons
  3074 | D:4      | Reached XP level 6. HP: 40/40 MP: 6/6
  3490 | D:5      | Entered Level 5 of the Dungeon
  3568 | D:5      | Reached skill level 8 in Ranged Weapons
  3580 | D:5      | Found a sand-covered staircase.
  3585 | Ossuary  | Entered an ossuary
  3643 | Ossuary  | Reached XP level 7. HP: 29/44 MP: 7/7
  3737 | Ossuary  | Reached skill level 9 in Ranged Weapons
  3808 | Ossuary  | Noticed a wraith
  3808 | Ossuary  | Noticed a flying skull
  3821 | Ossuary  | Noticed a flying skull
  3845 | Ossuary  | Noticed a flying skull
  3852 | Ossuary  | Noticed a wraith
  3862 | Ossuary  | Killed a wraith
  3863 | Ossuary  | Reached skill level 10 in Ranged Weapons
  4068 | Ossuary  | Noticed a flying skull
  4140 | Ossuary  | Noticed a wraith
  4159 | Ossuary  | Killed a wraith
  4160 | Ossuary  | Reached skill level 5 in Dodging
  4160 | Ossuary  | Reached skill level 1 in Armour
  4160 | Ossuary  | Reached XP level 8. HP: 26/49 MP: 8/8
  4818 | D:5      | Found a staircase to the Ecumenical Temple.
  4824 | Temple   | Entered the Ecumenical Temple
  4918 | Temple   | Became a worshipper of Hepliaklqana the Forgotten
  5143 | D:6      | Noticed Grinder
  5167 | D:5      | Paralysed by Grinder for 5 turns
  5179 | D:5      | Paralysed by Grinder for 5 turns
  5185 | D:5      | Killed Grinder
  5359 | D:6      | Reached skill level 5 in Armour
  5359 | D:6      | Reached XP level 9. HP: 51/54 MP: 9/9
  5868 | D:6      | Found a runed translucent door.
  5868 | D:6      | Noticed AwFulAwFulPlayer's ghost (novice GnWn)
  5907 | D:6      | Found Tamixos's General Store.
  5913 | D:6      | Reached skill level 11 in Ranged Weapons
  6040 | D:6      | Reached skill level 12 in Ranged Weapons
  6518 | D:6      | Reached skill level 13 in Ranged Weapons
  7092 | D:7      | Reached skill level 14 in Ranged Weapons
  7092 | D:7      | Reached XP level 10. HP: 42/59 MP: 10/10
  7588 | D:7      | Paralysed by a hornet for 2 turns
  8244 | D:7      | Noticed Prince Ribbit
  8271 | D:7      | Killed Prince Ribbit
  9046 | D:8      | Noticed Joseph
  9046 | D:8      | Noticed Pikel
  9260 | D:8      | Reached * piety under Hepliaklqana
  9331 | D:8      | Killed Pikel
  9343 | D:8      | Killed Joseph
  9344 | D:8      | Reached XP level 11. HP: 24/61 MP: 11/11
  9349 | D:8      | Reached skill level 15 in Ranged Weapons
  9544 | D:8      | Found a hide-covered altar of Uskayaw.
 10213 | D:9      | Found a staircase to the Orcish Mines.
 10278 | D:9      | Noticed Maurice
 10284 | D:9      | Killed Maurice
 10285 | D:9      | Reached skill level 16 in Ranged Weapons
 10387 | D:9      | Noticed a two-headed ogre
 10390 | D:9      | Found a runed translucent door.
 10446 | D:9      | Found an ornate altar of the Wu Jian Council.
 10447 | D:9      | Found a shimmering altar of Xom.
 10454 | D:9      | Found a white marble altar of Elyvilon.
 10455 | D:9      | Found a sparkling altar of Nemelex Xobeh.
 10455 | D:9      | Found a shimmering blue altar of Sif Muna.
 10455 | D:9      | Found a glowing golden altar of the Shining One.
 10783 | D:9      | Found a staircase to the Lair.
 11026 | D:9      | Reached ** piety under Hepliaklqana
 11027 | D:9      | Remembered your ancestor Henutemipet as a knight
 11200 | D:10     | Entered Level 10 of the Dungeon
 11240 | D:10     | HP: 1/61 [something (10)]
 11442 | D:10     | Reached skill level 17 in Ranged Weapons
 11535 | D:10     | Noticed a green ugly thing
 11542 | D:10     | Killed a green ugly thing
 11910 | D:10     | Noticed Nergalle
 11918 | D:10     | Killed Nergalle
 11919 | D:10     | Reached skill level 18 in Ranged Weapons
 12580 | D:11     | You are sucked into a shaft and drop 3 floors!
 12636 | D:14     | Reached skill level 5 in Evocations
 12636 | D:14     | Reached XP level 12. HP: 65/65 MP: 12/12
 12916 | D:13     | Slain by a white ugly thing

Illustrated notes

Levels and vault maps discovered:
D:1:      reono_arrival_mine, layout_loops_corners, amethyst_killhole,
          corexii_hall_statues_l, chequers_serial_rivers_room_b,
          minmay_indecisive_spiral
D:2:      layout_rooms, minmay_tetromino_s4
D:3:      layout_basic, nicolae_ru_awakened_eye
D:4:      minmay_angry_zag, layout_loops_corners, nicolae_elemental_shop
D:5:      layout_cave_pools, minmay_temple_entry_stoned_glass, enter_ossuary_2,
          chequers_avenue, minmay_misc_feat_pillars, kennysheep_generic_room_4
D:6:      minmay_clustersquares, layout_loops_ring,
          hellmonk_ghost_happy_afterlife, nicolae_stop_n_shop_2, uniq_grinder
D:7:      layout_loops_ring, minmay_strange_pillars, kennysheep_generic_room_8,
          uniq_prince_ribbit1
D:8:      layout_loops_ring, nicolae_uskayaw_murder_on_the_dancefloor,
          serial_aquarium, aquarium_bridge_island_small
          [aquarium_subvault_small_open, aquarium_subvault_wall,
          aquarium_subvault_bridge, aquarium_subvault_bridge,
          aquarium_subvault_bridge], aquarium_window_fake, aquarium_window_fake,
          aquarium_window_fake, aquarium_window_fake, aquarium_view_2d,
          aquarium_view_2b, aquarium_balcony_3b, uniq_joseph, uniq_pikel
D:9:      layout_long_grid, grunt_temple_overflow_open, erik_lair_dragon,
          orc_0_dummy, minmay_st_funbox, uniq_maurice
D:10:     layout_loops_ring, uniq_nergalle
D:11:     layout_stronghold
D:13:     layout_stronghold, serial_shops, nicolae_shop_drivethru,
          serial_park_tiny_pond, uniq_kirke
D:14:     layout_layer_cave, david_vaults_4, lemuel_tele_altar,
          yredelemnul_altar_generic, uniq_roxanne
Temple:   zaba_magenta_temple

Skill      XL: |  1  2  3  4  5  6  7  8  9 10 11 12 |
---------------+-------------------------------------+-----
Fighting       | 3 4 5 8 |  8.0
Ranged Weapons | 6 7 8 10 14 18 | 18.0
Dodging        | 5 8 |  8.0
Armour         | 1 5 |  5.0
Evocations     | 5 7 |  7.2
Stealth        | |  1.3

Action                     |  1- 3 |  4- 6 |  7- 9 | 10-12 || total
---------------------------+-------+-------+-------+-------++-------
  Melee: Sling             |       |       |       |     1 ||     1
   Fire: Shortbow          |    70 |    36 |       |       ||   106
         Sling             |       |    82 |   221 |   392 ||   695
  Throw: Throwing net      |       |       |       |     4 ||     4
 Invoke: Recall Ancestor   |       |       |       |     3 ||     3
         Ancestor Life: Kn |       |       |       |     1 ||     1
  Evoke: Wand              |       |       |       |     3 ||     3
    Use: Scroll            |     4 |     8 |     5 |     5 ||    22
         Potion            |     1 |     1 |     7 |     4 ||    13
 Armour: Leather armour    |     6 |    16 |       |       ||    22
         Scale mail        |       |     7 |   103 |    76 ||   186
  Dodge: Dodged            |    26 |    44 |   157 |   130 ||   357
  Block: Buckler           |       |       |       |    21 ||    21

Table legend: (Time is in decaauts)
 A = Elapsed time spent in this place.
 B = Non-inter-level travel time spent in this place.
 C = Inter-level travel time spent in this place.
 D = Time resting spent in this place.
 E = Time spent auto-exploring this place.
 F = Levels seen in this place.
 G = Mean time per level.
                   A        B        C        D        E       F      G
               +--------+--------+--------+--------+--------+-----+--------+
         Total |  13315 |  12883 |    432 |   2974 |   8118 |  15 |  887.7 |
       Dungeon |  12344 |  11923 |    421 |   2581 |   7752 |  13 |  949.5 |
        Temple |     98 |     87 |     11 |      0 |     78 |   1 |   98.0 |
       Ossuary |    872 |    872 |      0 |    392 |    288 |   1 |  872.0 |
               +--------+--------+--------+--------+--------+-----+--------+

Top non-repeatable levels by time:
     D:7: 2398 daAuts
     D:6: 1628 daAuts
     D:9: 1220 daAuts
    D:10: 1175 daAuts
     D:1: 1122 daAuts
     D:8: 996 daAuts
     D:4: 979 daAuts
     D:5: 977 daAuts
     D:3: 953 daAuts
 Ossuary: 872 daAuts
     D:2: 489 daAuts
    D:14: 298 daAuts
  Temple: 98 daAuts
    D:11: 54 daAuts
    D:13: 49 daAuts
